 Dungeon Crawl Stone Soup version 0.30-a0-879-ga8ba668304 (webtiles) character file.

Game seed: 13864755032792129960

107 Rocko1345 the Magician (level 5, 0/36 HPs)
             Began as a Djinni Hedge Wizard on Mar 12, 2023.
             Splashed by a jelly's acid (8 damage)
             ... on level 4 of the Dungeon.
             The game lasted 00:10:44 (3116 turns).

Rocko1345 the Magician (Djinni Hedge Wizard)        Turns: 3116, Time: 00:10:45

Health: 0/36       AC: -4    Str:  9    XL:     5   Next: 10%
Gold:   139        EV: 12    Int: 18    God:
                   SH:  0    Dex: 12

rFire   + + .      SeeInvis .    x - staff of poison
rCold   x . .      Faith    .    (no shield)
rNeg    . . .      Spirit   .    b - +0 robe
rPois   ∞          Reflect  .    c - +0 hat
rElec   .          Rampage  .    v - +0 cloak
rCorr   .                        t - +0 pair of gloves
Will    .....                    (boots unavailable)
Stlth   ++                       (no amulet)
HPRegen 0.26/turn                (no ring)
MPRegen 0.00/turn                (no ring)

@: corroded, flying
A: sickness immunity, fire resistance 2, cold vulnerability 1, float, innate
caster, HP casting, extra vitality 1
a: no special abilities


You were on level 4 of the Dungeon.
You visited 1 branch of the dungeon, and saw 4 of its levels.

You collected 139 gold pieces.

Inventory:

Hand Weapons
 a - a +0 dagger
 f - a +2 whip of flaming
Missiles
 k - 5 poisoned darts
Armour
 b - a +0 robe (worn)
 c - a +0 hat (worn)
 m - a +0 pair of boots
 t - a +0 pair of gloves (worn)
 v - a +0 cloak (worn)
Magical Staves
 x - a staff of poison (weapon)
Scrolls
 j - a scroll of silence
 l - a scroll of fear {unknown}
 q - a scroll of brand weapon {unknown}
 r - a scroll of noise {unknown}
 s - a scroll of torment {unknown}
 y - a scroll of teleportation {unknown}
 A - a scroll of amnesia {unknown}
Potions
 d - a potion of cancellation
 e - a potion of mutation
 g - 2 potions of brilliance
 h - a potion of heal wounds {unknown}
 i - a potion of degeneration {unknown}
 n - a potion of lignification {unknown}
 p - a potion of might {unknown}
 u - a potion of resistance {unknown}
 w - a potion of berserk rage {unknown}
 z - a potion of curing {unknown}


   Skills:
 + Level 0.3 Fighting
 + Level 0.6 Short Blades
 + Level 0.1 Maces & Flails
 + Level 2.6 Dodging
 + Level 1.8 Stealth
 * Level 3.8 Spellcasting


You knew the following spells:

 Your Spells              Type           Power      Damage    Failure   Level
a - Magic Dart            Conj           68%        1d6       3%          1
b - Slow                  Hex            68%        N/A       3%          1
c - Blink                 Tloc           34%        N/A       4%          2
d - Call Imp              Summ           17%        N/A       4%          2
e - Mephitic Cloud        Conj/Pois/Air  25%        N/A       10%         3
f - Beastly Appendage     Tmut           34%        N/A       3%          1
g - Wereblood             Tmut           17%        N/A       4%          2
Your spell library was empty.

Dungeon Overview and Level Annotations

Branches:
Dungeon (4/15)
 Temple: D:4-7

Altars:

Annotations:
D:4 Menkaure


Innate Abilities, Weirdness & Mutations

You are immune to sickness and miasma.
You are immune to poison.
Your flesh is very heat resistant. (rF++)
You are vulnerable to cold. (rC-)
You float through the air rather than walking.
You learn spells naturally, not from books.
Your magical power is your life essence.
You have superior vitality. (+4 MHP)


Message History

There is a stone staircase leading up here.
You fly upwards.
Your summoned ally is left behind.
There is a stone staircase leading down here.
You start resting.
HP restored.
There is a stone staircase leading down here.
You fly downwards.
Level annotation: Menkaure Menkaure calls on the powers of darkness!
Your body is wracked with pain!
There is a stone staircase leading up here.
You fly upwards.
There is a stone staircase leading down here.
You start resting.
HP restored.
There is a stone staircase leading down here.
You fly downwards.
Level annotation: Menkaure
Found a stone staircase leading down.
There is a stone staircase leading up here.
An orc comes into view. It is wielding a +0 mace.
Found a spear and a whip.
A jelly comes into view.
The orc shouts!
The jelly quivers.
You hear a shout!
You hit the orc but do no damage. The orc closely misses you.
You hit the orc but do no damage. The jelly hits you. The acid corrodes you!
You are splashed with acid!
The orc misses you.
You hit the orc.
The orc is moderately wounded.
The jelly hits you.
You are splashed with acid!
The orc misses you. The jelly hits you. The acid corrodes you!
You are splashed with acid.
* * * LOW HITPOINT WARNING * * *
The orc barely misses you.
There is a stone staircase leading up here.
The jelly hits you.
* * * LOW HITPOINT WARNING * * *
You are splashed with acid!
You die...

... .). ..#
#.# #.# #)#
#.#######.#
#.....>@Jo#
########..#
#..# ...#
##.## #.#
#.. #.#


You could see a jelly and an orc.

Vanquished Creatures
  An adder (D:3)
  A worm (D:2)
  6 dart slugs
  4 ball pythons
  7 endoplasms
  4 giant cockroaches
  A goblin (D:3)
  6 hobgoblins
  4 quokkas
  3 bats
  7 frilled lizards (D:1)
  5 rats
49 creatures vanquished.

Vanquished Creatures (collateral kills)
  Jessica (D:1)
  A dart slug (D:2)
  An endoplasm (D:1)
  A frilled lizard (D:1)
  A kobold (D:1)
5 creatures vanquished.

Grand Total: 54 creatures vanquished

Notes
Turn   | Place    | Note
-------+----------+-------------------------------------------
     0 | D:1      | Rocko1345 the Djinni Hedge Wizard began the quest for the
                  | Orb.
     0 | D:1      | Rocko1345 set off with the following spells memorised:
                  | Magic Dart, Slow, Blink, Call Imp, Mephitic Cloud.
     0 | D:1      | Reached XP level 1. HP: 15/15 MP: 0/0
   145 | D:1      | Reached XP level 2. HP: 15/21 MP: 0/0
   442 | D:1      | Reached skill level 3 in Spellcasting
   526 | D:1      | Reached XP level 3. HP: 24/25 MP: 0/0
   526 | D:1      | Learned a level 1 spell: Beastly Appendage
   853 | D:2      | Noticed Jessica
   988 | D:1      | Killed Jessica
   989 | D:1      | Reached XP level 4. HP: 12/31 MP: 0/0
  2439 | D:3      | Reached XP level 5. HP: 35/36 MP: 0/0
  2439 | D:3      | Learned a level 2 spell: Wereblood
  2800 | D:4      | Noticed Menkaure
  3116 | D:4      | Splashed by a jelly's acid

Illustrated notes

Levels and vault maps discovered:
D:1:      spicycebolla_arrival_ecumenical, layout_basic, chequers_jeans,
          minmay_lizard_pond
D:2:      layout_rooms, serial_co_window_serial, co_window_cross_1,
          co_window_corner_a, co_window_of_opportunity_a, co_window_paths_b,
          co_window_paths_a, co_window_cross_4, co_window_paths_c,
          co_window_unsneaky_path_c, co_window_paths_c, co_window_2corner,
          co_window_cross_2, glass_columns_a, glass_columns_c, glass_columns_c,
          glass_columns_b, glass_columns_a, minmay_small_reverse_x, uniq_jessica
D:3:      layout_basic
D:4:      minmay_chambers_of_threes, layout_loops_ring, grunt_dithmenos_smoke,
          mainiacjoe_overflow_surrounded_room, temple_pool_b, uniq_menkaure,
          uniq_edmund

Skill      XL: |  1  2 |
---------------+-------+-----
Spellcasting   | 3 |  3.8
Fighting       | |  0.3
Short Blades   | |  0.6
Maces & Flails | |  0.1
Dodging        | |  2.6
Stealth        | |  1.8

Action                     |  1- 3 |  4- 6 || total
---------------------------+-------+-------++-------
  Melee: Dagger            |    36 |       ||    36
         Whip              |    10 |     7 ||    17
         Staff             |       |     6 ||     6
   Cast: Magic Dart        |    41 |    65 ||   106
         Call Imp          |     4 |     1 ||     5
         Mephitic Cloud    |     1 |     3 ||     4
         Blink             |       |     2 ||     2
    Use: Scroll            |       |     4 ||     4
   Stab: Confused          |       |     1 ||     1
 Armour: Robe              |     9 |     1 ||    10
  Dodge: Dodged            |    36 |    16 ||    52

Table legend: (Time is in decaauts)
 A = Elapsed time spent in this place.
 B = Non-inter-level travel time spent in this place.
 C = Inter-level travel time spent in this place.
 D = Time resting spent in this place.
 E = Time spent auto-exploring this place.
 F = Levels seen in this place.
 G = Mean time per level.
                   A        B        C        D        E       F      G
               +--------+--------+--------+--------+--------+-----+--------+
         Total |   3120 |   2957 |    163 |    462 |   1927 |   4 |  780.0 |
       Dungeon |   3120 |   2957 |    163 |    462 |   1927 |   4 |  780.0 |
               +--------+--------+--------+--------+--------+-----+--------+

Top non-repeatable levels by time:
     D:2: 1094 daAuts
     D:1: 1047 daAuts
     D:3: 939 daAuts
     D:4: 38 daAuts
